 Dungeon Crawl Stone Soup version 0.24.0-2-g5b39cebb1c (webtiles) character file.

Game seed: 15023032851426553680, levelgen mode: deterministic

161 Amplified the Skirmisher (level 5, -21/46 HPs)
             Began as a Minotaur Summoner on Oct 29, 2019.
             Killed from afar by an orc wizard (24 damage)
             ... with an exploding inner flame
             ... hexed by the player character
             ... on level 4 of the Dungeon.
             The game lasted 00:04:40 (2733 turns).

Amplified the Skirmisher (Minotaur Summoner)        Turns: 2733, Time: 00:04:40

Health: -21/46     AC:  6    Str: 14    XL:     5   Next: 18%
Magic:  6/6        EV: 11    Int: 12    God:
Gold:   178        SH:  0    Dex: 15    Spells: 5/6 levels left

rFire    . . .     SeeInvis .   h - +1 spear (freeze)
rCold    . . .     Gourm    .   (no shield)
rNeg     . . .     Faith    .   g - +1 ring mail
rPois    +         Spirit   .   (helmet restricted)
rElec    .         Reflect  .   (no cloak)
rCorr    .         Harm     .   (no gloves)
MR       .....     Clarity  +   (no boots)
Stlth    +.........             l - amulet of the acrobat
HPRegen  0.15/turn              j - +5 ring of dexterity
MPRegen  0.10/turn              (no ring)

@: no status effects
A: retaliatory headbutt, horns 2, clarity, poison resistance, MP-powered wands
a: no special abilities


You were on level 4 of the Dungeon.
You were hungry.

You visited 1 branch of the dungeon, and saw 4 of its levels.

You collected 178 gold pieces.

Inventory:

Hand Weapons
 h - a +1 spear of freezing (weapon)
Missiles
 e - 56 stones (quivered)
 f - 4 boomerangs
Armour
 g - a +1 ring mail (worn)
Jewellery
 j - a +5 ring of dexterity (left hand)
 l - an amulet of the acrobat (around neck)
Scrolls
 d - a scroll of remove curse
 k - a scroll of immolation
Comestibles
 c - 9 rations


   Skills:
 * Level 4.1 Fighting
 * Level 4.0 Armour
 - Level 2.1 Dodging
 - Level 1.5 Stealth
 - Level 1.3 Spellcasting
 - Level 2.9 Summonings


You had 5 spell levels left.
You knew the following spells:

 Your Spells              Type           Power        Failure   Level  Hunger
a - Summon Small Mammal   Summ           #...         17%         1    ##.....

Your spell library contained the following spells:

 Spells                   Type           Power        Failure   Level  Hunger
 Call Imp                 Summ           #.......     26%         2    ###....
 Call Canine Familiar     Summ           #.......     45%         3    ####...
 Summon Guardian Golem    Hex/Summ       #.......     65%         3    ####...
 Summon Ice Beast         Ice/Summ       #.......     96%         4    #####..
 Summon Lightning Spire   Summ/Air       #.......     96%         4    #####..


Dungeon Overview and Level Annotations

Branches:
Dungeon (3/15)

Altars:
Hepliaklqana


Innate Abilities, Weirdness & Mutations

You reflexively headbutt those who attack you in melee.
You have a pair of horns on your head.
You possess an exceptional clarity of mind.
Your system is resistant to poisons. (rPois)
You expend magic power (3 MP) to strengthen your wands.


Message History

The orc is almost dead.
Something hits you.
* * * LOW HITPOINT WARNING * * *
Unknown command.
Attack whom?
Press: ? - help, Dir - move target cursor, f/p - orc
Aim: an orc, wielding a +0 dagger (almost dead, inner flame)
You reach to attack!
You hit the orc. You freeze the orc.
The orc explodes!
The fiery explosion engulfs the orc!!
The orc explodes!
The fiery explosion engulfs something!!!
The fiery explosion engulfs the orc priest!!!
The orc priest explodes!
Your Fighting skill increases to level 4!
Your Armour skill increases to level 4!
You have reached level 5!
The fiery explosion engulfs something!!
The fiery explosion engulfs you!!
Ouch! That really hurt!
You die...

#########
#..=....#
#.......#
#.......#######
###.......§§§§@.#
..........§§####
#.......####
#.......# ###
#.......#
o.###..o....#
#...#.{.....#
###...##.####
###....#


There were no monsters in sight!

Vanquished Creatures
  An orc priest (D:4)
  Jessica (D:3)
  An orc wizard (D:3)
  2 adders
  A worm (D:3)
  2 dart slugs
  5 orcs (D:3)
  3 giant cockroaches
  9 goblins
  5 hobgoblins
  3 jackals (D:3)
  A quokka (D:2)
  A bat (D:2)
  5 frilled lizards
  3 kobolds
  9 rats
52 creatures vanquished.

Notes
Turn   | Place    | Note
-------+----------+-------------------------------------------
     0 | D:1      | Amplified the Minotaur Summoner began the quest for the
                  | Orb.
     0 | D:1      | Reached XP level 1. HP: 14/14 MP: 1/1
   873 | D:1      | Reached skill level 1 in Fighting
   873 | D:1      | Reached skill level 1 in Armour
  1050 | D:1      | Reached XP level 2. HP: 21/23 MP: 3/3
  1656 | D:2      | Reached XP level 3. HP: 29/29 MP: 4/4
  2061 | D:3      | Noticed Jessica
  2073 | D:3      | Gained mutation: Your system is resistant to poisons.
                  | (rPois) [potion of mutation]
  2073 | D:3      | Gained mutation: You possess an exceptional clarity of
                  | mind. [potion of mutation]
  2073 | D:3      | Gained mutation: You expend magic power (3 MP) to
                  | strengthen your wands. [potion of mutation]
  2075 | D:3      | Killed Jessica
  2075 | D:3      | Reached XP level 4. HP: 23/38 MP: 5/5
  2284 | D:3      | Found a hazy altar of Hepliaklqana.
  2652 | D:3      | You fall into a shaft and drop 1 floor!
  2732 | D:4      | HP: 2/40 [something (2)]
  2733 | D:4      | Reached XP level 5. HP: 3/46 MP: 6/6
  2733 | D:4      | Killed from afar by an orc wizard

Levels and vault maps discovered:
D:1:      lightli_iron_boxes, layout_loops_ring, minmay_misc_feat_columns
D:2:      layout_basic
D:3:      layout_loops_ring, lemuel_crystal_altar,
          nicolae_overflow_crystal_walls, uniq_jessica
D:4:      minmay_chambers_of_fours, layout_rooms, first_ration

Skill      XL: |  1  2  3  4 |
---------------+-------------+-----
Fighting       | 1 2 3 4 |  4.1
Armour         | 1 2 3 4 |  4.0
Dodging        | |  2.1
Stealth        | |  1.5
Spellcasting   | |  1.3
Summonings     | |  2.9

Action                   |  1- 3 |  4- 6 || total
-------------------------+-------+-------++-------
Melee: Unarmed           |    20 |       ||    20
       Headbutt          |     6 |    14 ||    20
       Spear             |    59 |    64 ||   123
Throw: Stone             |    22 |     2 ||    24
 Cast: Summon Small Mamm |     7 |       ||     7
  Use: Scroll            |     4 |     4 ||     8
       Potion            |     3 |     1 ||     4
 Stab: Sleeping          |     6 |       ||     6
       Invisible         |     1 |       ||     1
  Eat: Chunk             |     3 |     2 ||     5
Armor: Robe              |     5 |     1 ||     6
       Ring mail         |       |    14 ||    14
Dodge: Dodged            |    44 |    14 ||    58
